 Dungeon Crawl Stone Soup version 0.19.0-19-g8c6edcc (console) character file.

263 OvidiusNaso the Shooter (level 5, -3/35 HPs)
             Began as a High Elf Hunter on Nov 14, 2016.
             Was an Initiate of Ru.
             Killed from afar by an orc wizard (5 damage)
             ... with a puff of frost
             ... on level 3 of the Dungeon.
             The game lasted 00:33:57 (2308 turns).

OvidiusNaso the Shooter (High Elf Hunter)           Turns: 2308, Time: 00:33:57

Health: -3/35      AC:  7    Str: 14 (16) XL:     5   Next: 98%
Magic:  6/6        EV: 12    Int: 17 (20) God:    Ru [......]
Gold:   188        SH:  0    Dex: 15 (16) Spells: 0 memorised, 4 levels left

rFire  . . .     SeeInvis .     r - +0 rapier
rCold  . . .     Gourm    .     v - +0 ring mail
rNeg   . . .     Faith    .     (no shield)
rPois  .         Spirit   .     B - +0 helmet
rElec  .         Reflect  .     o - +0 cloak
rCorr  .         Harm     .     (no gloves)
MR     .....                    (no boots)
Stlth  +.........               (no amulet)
                                (no ring)
                                (no ring)

@: mighty, brilliant
A: no striking features
a: Renounce Religion


You were on level 3 of the Dungeon.
You worshipped Ru.
Ru was noncommittal.
You were not hungry.

You visited 1 branch of the dungeon, and saw 4 of its levels.

You collected 188 gold pieces.

Inventory:

Hand Weapons
 a - a +1 shortbow
 b - a +0 hunting sling
 g - a +1 vampiric dagger
 r - a +0 rapier (weapon)
Missiles
 u - 2 tomahawks (quivered)
 A - 59 stones
Armour
 c - a +0 leather armour
 o - a +0 cloak (worn)
 v - a +0 ring mail (worn)
 B - a +0 helmet (worn)
Jewellery
 p - an uncursed ring of poison resistance
Wands
 w - a wand of lightning (0/15)
Scrolls
 e - a scroll of blinking {unknown}
 h - a scroll of enchant armour {unknown}
 i - 2 scrolls of remove curse {unknown}
 j - 3 scrolls of fear {unknown}
 l - 2 scrolls of fog {unknown}
 m - 4 scrolls of identify {unknown}
 n - a scroll of magic mapping {unknown}
 s - a scroll of immolation {unknown}
 t - a scroll of random uselessness {unknown}
 y - a scroll of teleportation {unknown}
Comestibles
 f - 3 bread rations
 k - 2 meat rations
 x - a beef jerky
 D - 3 chunks of flesh


   Skills:
 + Level 2.7 Fighting
 + Level 2.6 Short Blades
 * Level 7.8 Bows
 + Level 3.5 Dodging
 - Level 1.1 Stealth


You had 4 spell levels left.
You didn't know any spells.

Dungeon Overview and Level Annotations

Branches:
Dungeon (4/15)
 Temple: D:4-7

Altars:
Ru


Message History

You hit the orc wizard but do no damage.
The orc wizard gestures at you while chanting.
The puff of flame hits you!
* * * LOW HITPOINT WARNING * * *
It was a potion of might.
You feel very mighty all of a sudden. The orc wizard barely misses you.
A goblin comes into view.
It was a potion of degeneration.
There was something very wrong with that liquid.
You feel weakened.
You feel dopey.
You feel clumsy.
The goblin shouts!
The orc wizard mumbles some strange words.
The orc wizard seems to speed up.
The goblin throws a stone.
The stone hits you but does no damage.
It was a potion of brilliance.
You feel clever all of a sudden. The orc wizard casts a spell at you.
The puff of frost hits you!
You die...

#.######.###.# #### #.#
#.....#)# #.####.....#.##
#.............#
###.##.....#..# #.##.....#).##
#.##.#.###...## ##########
#.## #....g...# #......... #.#
#..###.).# #.######## #.# #..#
#...#####.## # #.# #..#
#@o........####### ###.## #..#
#...#####..##.....
#...##.#..###.................
#...............#####..##..###
#...#.....###.#.# #..##..# #
##.##.##......#.# #..##..###
#.##.#########.# ###.........
#.##.# ##.# #....##..###
#.##.# ##.#.##...........
#.##.# ##.###.#.....#..##.
#.##.######.## #............


You could see an orc wizard and a goblin.

Vanquished Creatures
  An orc wizard (D:3)
  An orc priest (D:3)
  Ijyb (D:3)
  A worker ant (D:3)
  Robin (D:3)
  An adder (D:3)
  4 gnolls (D:3)
  A worm (D:3)
  A dart slug (D:2)
  2 leopard geckos
  9 orcs
  2 giant cockroaches
  17 goblins
  11 hobgoblins
  3 jackals (D:1)
  3 ball pythons (D:3)
  8 bats
  4 frilled lizards
  7 kobolds
  3 rats
81 creatures vanquished.

Notes
Turn   | Place    | Note
-------+----------+-------------------------------------------
     0 | D:1      | OvidiusNaso the High Elf Hunter began the quest for the Orb.
     0 | D:1      | Reached XP level 1. HP: 14/14 MP: 2/2
   212 | D:1      | Reached XP level 2. HP: 8/19 MP: 3/3
   374 | D:1      | Reached skill level 6 in Bows
   709 | D:2      | Reached XP level 3. HP: 24/24 MP: 4/4
  1101 | D:3      | Noticed Ijyb
  1149 | D:3      | Killed Ijyb
  1149 | D:3      | Reached XP level 4. HP: 23/29 MP: 5/5
  1183 | D:3      | Reached skill level 1 in Short Blades
  1304 | D:3      | Reached skill level 7 in Bows
  1654 | D:3      | Noticed Robin
  1759 | D:3      | Reached XP level 5. HP: 33/34 MP: 6/6
  1806 | D:3      | Found a sacrificial altar of Ru.
  1899 | D:3      | Became a worshipper of Ru the Awakened
  2014 | D:3      | Killed Robin
  2118 | D:4      | Noticed a phantom
  2262 | D:4      | Noticed an ogre
  2308 | D:3      | Killed from afar by an orc wizard

Skill      XL: |  1  2  3  4 |
---------------+-------------+-----
Bows           | 6 7 |  7.8
Short Blades   | 2 |  2.6
Dodging        | 3 |  3.5
Fighting       | |  2.7
Stealth        | |  1.1

Action                   |  1- 3 |  4- 6 || total
-------------------------+-------+-------++-------
Melee: Short sword       |    64 |       ||    64
       Rapier            |    22 |    91 ||   113
 Fire: Shortbow          |    38 |    42 ||    80
Throw: Tomahawk          |       |     9 ||     9
       Javelin           |       |    11 ||    11
Evoke: Wand              |       |     1 ||     1
  Use: Potion            |       |     3 ||     3
 Stab: Sleeping          |     2 |       ||     2
  Eat: Chunk             |       |     3 ||     3
       Pizza             |       |     1 ||     1
Armor: Leather armour    |    31 |     6 ||    37
       Ring mail         |       |    25 ||    25
Dodge: Dodged            |    69 |    67 ||   136
